RedWings vs Panthers

Created - October 24 2010 at 12:23

Goals
1 2 3 OT1 T
RedWings 1 0 0 0 1
Panthers 1 0 0 1 2
Shots
1 2 3 OT1 T
RedWings 12 9 8 2 31
Panthers 11 1 7 3 22

Period #1

1. RedWings , Travis Zajac 5 (Colin White) at 10:27
2. Panthers , Frans Nielsen 3 (Stephane Robidas, Craig Rivet) at 15:28

Penalties :
Brian Campbell (DET) for Tripping (Minor) at 0:35, Alexei Ponikarovsky (FLA) for Roughing (Minor) at 4:29, Craig Rivet (FLA) for Holding (Minor) at 13:11, Travis Zajac (DET) for Hooking (Minor) at 13:11, Stephane Robidas (FLA) for Cross-checking (Minor) at 17:52

Period #2

No Goal

Penalties :
Brian Rafalski (FLA) for High sticking (Minor) at 5:23, Marc-Andre Bergeron (FLA) for Holding (Minor) at 13:33, Marc-Andre Bergeron (FLA) for Interference (Minor) at 18:40

Period #3

No Goal

Penalties :
Colin White (DET) for High sticking (Minor) at 3:20, Alexei Ponikarovsky (FLA) for Hooking (Minor) at 5:24

Overtime #1

3. Panthers , Anze Kopitar 5 (Marc-Andre Bergeron, Brian Rafalski) at 2:22

Penalties :
No Penalty

Goalie Stats

Craig Anderson (DET), 20 saves from 22 shots - (0.909), OTL, 7-2-1, 62:23 minutes
Rick Dipietro (FLA), 30 saves from 31 shots - (0.968), W, 4-0-0, 62:23 minutes

Players Stats

RedWings
Player Name              G  A  P  +/- PIM S  H  SB FO    MP 
------------------------------------------------------------
Brendan Witt             0  0  0  -1  0   0  4  0  0/0   16 
Brett Clark              0  0  0   0  0   2  1  1  0/0   21 
Brian Campbell           0  0  0   0  2   1  0  0  0/0   22 
Colin White              0  1  1   1  2   2  1  1  0/0   21 
Jean-Pierre Dumont       0  0  0   0  0   3  0  0  0/0   21 
Keith Yandle             0  0  0  -1  0   0  0  1  0/0   23 
Kris Draper              0  0  0  -1  0   0  2  0  1/1   8  
Marty Reasoner           0  0  0   0  0   1  0  0  3/7   11 
Matt Moulson             0  0  0   0  0   3  2  0  0/1   11 
Mike Cammalleri          0  0  0   0  0   1  0  0  0/0   20 
Nate Thompson            0  0  0  -1  0   2  0  0  5/11  8  
Niclas Bergfors          0  0  0   0  0   0  1  0  0/0   9  
Paul Martin              0  0  0  -1  0   1  1  1  0/0   20 
Pavol Demitra            0  0  0  -1  0   0  0  0  0/0   7  
Ray Whitney              0  0  0   1  0   3  0  0  0/0   21 
Ryan Getzlaf             0  0  0   0  0   6  5  0  12/27 20 
Travis Zajac             1  0  1   0  2   5  1  0  17/30 22 
Zach Parise              0  0  0   0  0   1  1  0  1/1   22 
Panthers
Player Name              G  A  P  +/- PIM S  H  SB FO    MP 
------------------------------------------------------------
Alexei Ponikarovsky      0  0  0   1  4   1  4  0  0/0   14 
Andrew Brunette          0  0  0   1  0   3  0  0  1/2   20 
Anze Kopitar             1  0  1   1  0   6  2  0  8/19  22 
Brad Stuart              0  0  0   0  0   0  1  1  0/0   22 
Brian Rafalski           0  1  1   0  2   2  1  1  0/0   22 
Chad Larose              0  0  0   1  0   1  2  0  0/0   16 
Craig Rivet              0  1  1   1  2   0  0  1  0/0   17 
Frans Nielsen            1  0  1   1  0   2  0  0  13/24 18 
Jaroslav Spacek          0  0  0   0  0   1  1  1  0/0   18 
Jason Chimera            0  0  0   0  0   0  0  0  0/0   1  
Marc-Andre Bergeron      0  1  1   0  4   0  2  2  0/0   19 
Martin Erat              0  0  0  -1  0   3  3  0  2/2   19 
Mathieu Darche           0  0  0   0  0   0  0  0  0/0   1  
Maxim Afinogenov         0  0  0  -1  0   0  0  0  0/0   19 
Mikael Samuelsson        0  0  0   0  0   1  1  0  0/1   20 
Rich Peverley            0  0  0  -1  0   2  1  0  11/23 18 
Ryan Potulny             0  0  0   0  0   0  0  0  4/7   6  
Stephane Robidas         0  1  1   1  2   0  3  0  0/0   22 

3 Stars

1 - Rick Dipietro (FLA)
2 - Anze Kopitar (FLA)
3 - Frans Nielsen (FLA)

Power Play

RedWings - 0 on 6 Attempt(s) - 0.00%
Panthers - 0 on 2 Attempt(s) - 0.00%

Penalty Kill

RedWings - 2 on 2 Attempt(s) - 100.00% - Score 0 goal in Penalty Kill
Panthers - 6 on 6 Attempt(s) - 100.00% - Score 0 goal in Penalty Kill

Game Notes

No Game Note

Finance

Level 1 -- Attendance: 6000 (100.00%) -- Ticket Income $528,000.00
Level 2 -- Attendance: 4941 (98.82%) -- Ticket Income $187,758.00
Level 3 -- Attendance: 3350 (95.71%) -- Ticket Income $93,800.00
Level 4 -- Attendance: 2558 (68.21%) -- Ticket Income $46,044.00
Luxury Box -- Attendance: 966 (96.60%) -- Ticket Income $181,608.00
Game was played at the BankAtlantic Center
Total Attendance: 17815 (92.55%)
Total Ticket Income: $1,124,339.00
Other Income: $210,687.00
Total Income: $1,335,026.00


Play by Play

Period #1

0:01 of 1st period - Travis Zajac wins face-off versus Anze Kopitar in neutral zone.
0:01 of 1st period - Jean-Pierre Dumont is hit by Anze Kopitar and loses puck.
0:05 of 1st period - Travis Zajac is hit by Stephane Robidas and loses puck.
0:08 of 1st period - Shot by Travis Zajac.
0:08 of 1st period - Shot Misses the Net.
0:19 of 1st period - Ray Whitney is hit by Stephane Robidas and loses puck.
0:24 of 1st period - Shot by Ray Whitney.
0:24 of 1st period - Stopped by Rick Dipietro without a rebound.
0:25 of 1st period - Rich Peverley wins face-off versus Ryan Getzlaf in Panthers zone.
0:35 of 1st period - Minor Penalty to Brian Campbell for Tripping.
0:36 of 1st period - Rich Peverley wins face-off versus Nate Thompson in RedWings zone.
0:53 of 1st period - Shot by Mikael Samuelsson.
0:53 of 1st period - Stopped by Craig Anderson without a rebound.
0:54 of 1st period - Marty Reasoner wins face-off versus Anze Kopitar in RedWings zone.
1:06 of 1st period - Icing by Stephane Robidas.
1:07 of 1st period - Nate Thompson wins face-off versus Anze Kopitar in Panthers zone.
2:42 of 1st period - Shot by Chad Larose.
2:42 of 1st period - Stopped by Craig Anderson without a rebound.
2:43 of 1st period - Marty Reasoner wins face-off versus Frans Nielsen in RedWings zone.
2:56 of 1st period - Shot by Frans Nielsen.
2:56 of 1st period - Shot Blocked by Paul Martin.
3:17 of 1st period - Alexei Ponikarovsky is hit by Brendan Witt and loses puck.
3:44 of 1st period - Shot by Jean-Pierre Dumont.
3:44 of 1st period - Stopped by Rick Dipietro without a rebound.
3:45 of 1st period - Ryan Getzlaf wins face-off versus Ryan Potulny in Panthers zone.
4:02 of 1st period - Shot by Martin Erat.
4:02 of 1st period - Stopped by Craig Anderson without a rebound.
4:03 of 1st period - Travis Zajac wins face-off versus Rich Peverley in RedWings zone.
4:03 of 1st period - Travis Zajac is hit by Rich Peverley.
4:25 of 1st period - Shot by Anze Kopitar.
4:25 of 1st period - Stopped by Craig Anderson without a rebound.
4:26 of 1st period - Zach Parise wins face-off versus Frans Nielsen in RedWings zone.
4:26 of 1st period - Zach Parise is hit by Alexei Ponikarovsky.
4:29 of 1st period - Minor Penalty to Alexei Ponikarovsky for Roughing.
4:30 of 1st period - Frans Nielsen wins face-off versus Ryan Getzlaf in Panthers zone.
5:33 of 1st period - Shot by Brett Clark.
5:33 of 1st period - Stopped by Rick Dipietro with a rebound.
5:35 of 1st period - Shot by Keith Yandle.
5:35 of 1st period - Shot Blocked by Craig Rivet.
6:14 of 1st period - Icing by Ryan Getzlaf.
6:15 of 1st period - Ryan Getzlaf wins face-off versus Ryan Potulny in RedWings zone.
6:36 of 1st period - Paul Martin is hit by Martin Erat and loses puck.
6:59 of 1st period - Shot by Rich Peverley.
6:59 of 1st period - Stopped by Craig Anderson with a rebound.
7:01 of 1st period - Shot by Martin Erat.
7:01 of 1st period - Stopped by Craig Anderson without a rebound.
7:02 of 1st period - Anze Kopitar wins face-off versus Travis Zajac in RedWings zone.
7:05 of 1st period - Shot by Andrew Brunette.
7:05 of 1st period - Stopped by Craig Anderson without a rebound.
7:06 of 1st period - Ryan Getzlaf wins face-off versus Frans Nielsen in RedWings zone.
7:06 of 1st period - Mike Cammalleri is hit by Alexei Ponikarovsky and loses puck.
7:15 of 1st period - Shot by Chad Larose.
7:15 of 1st period - Shot Misses the Net.
7:17 of 1st period - Shot by Chad Larose.
7:17 of 1st period - Shot Blocked by Keith Yandle.
7:19 of 1st period - Shot by Jaroslav Spacek.
7:19 of 1st period - Stopped by Craig Anderson with a rebound.
8:02 of 1st period - Icing by Stephane Robidas.
8:03 of 1st period - Travis Zajac wins face-off versus Anze Kopitar in Panthers zone.
8:24 of 1st period - Icing by Travis Zajac.
8:25 of 1st period - Travis Zajac wins face-off versus Rich Peverley in RedWings zone.
8:51 of 1st period - Icing by Colin White.
8:52 of 1st period - Frans Nielsen wins face-off versus Travis Zajac in RedWings zone.
8:59 of 1st period - Shot by Alexei Ponikarovsky.
8:59 of 1st period - Stopped by Craig Anderson without a rebound.
9:00 of 1st period - Andrew Brunette wins face-off versus Marty Reasoner in RedWings zone.
9:00 of 1st period - Anze Kopitar is hit by Brendan Witt and loses puck.
9:09 of 1st period - Shot by Andrew Brunette.
9:09 of 1st period - Stopped by Craig Anderson with a rebound.
9:52 of 1st period - Alexei Ponikarovsky is hit by Niclas Bergfors and loses puck.
10:23 of 1st period - Shot by Ryan Getzlaf.
10:23 of 1st period - Stopped by Rick Dipietro without a rebound.
10:24 of 1st period - Travis Zajac wins face-off versus Rich Peverley in Panthers zone.
10:27 of 1st period - Shot by Travis Zajac.
10:27 of 1st period - Goal by Travis Zajac - RedWings : 1 - Panthers : 0.
10:28 of 1st period - Travis Zajac wins face-off versus Rich Peverley in neutral zone.
10:31 of 1st period - Martin Erat is hit by Colin White and loses puck.
11:40 of 1st period - Shot by Zach Parise.
11:40 of 1st period - Shot Blocked by Marc-Andre Bergeron.
11:47 of 1st period - Off-side.
11:48 of 1st period - Anze Kopitar wins face-off versus Nate Thompson in neutral zone.
12:01 of 1st period - Shot by Nate Thompson.
12:01 of 1st period - Shot Misses the Net.
12:23 of 1st period - Shot by Pavol Demitra.
12:23 of 1st period - Shot Misses the Net.
12:25 of 1st period - Shot by Nate Thompson.
12:25 of 1st period - Stopped by Rick Dipietro without a rebound.
12:26 of 1st period - Frans Nielsen wins face-off versus Travis Zajac in Panthers zone.
12:55 of 1st period - Shot by Alexei Ponikarovsky.
12:55 of 1st period - Deflect By Chad Larose.
12:55 of 1st period - Shot Misses the Net.
13:03 of 1st period - Shot by Alexei Ponikarovsky.
13:03 of 1st period - Shot Misses the Net.
13:11 of 1st period - Minor Penalty to Craig Rivet for Holding.
13:11 of 1st period - Minor Penalty to Travis Zajac for Hooking.
13:12 of 1st period - Ryan Getzlaf wins face-off versus Anze Kopitar in Panthers zone.
13:15 of 1st period - Shot by Ryan Getzlaf.
13:15 of 1st period - Shot Misses the Net.
13:19 of 1st period - Shot by Ryan Getzlaf.
13:19 of 1st period - Stopped by Rick Dipietro with a rebound.
13:37 of 1st period - Shot by Ryan Getzlaf.
13:37 of 1st period - Shot Misses the Net.
13:41 of 1st period - Shot by Brian Campbell.
13:41 of 1st period - Shot Blocked by Brian Rafalski.
14:03 of 1st period - Stephane Robidas is hit by Zach Parise.
14:15 of 1st period - Shot by Brendan Witt.
14:15 of 1st period - Shot Misses the Net.
14:51 of 1st period - Shot by Mikael Samuelsson.
14:51 of 1st period - Shot Misses the Net.
15:26 of 1st period - Shot by Stephane Robidas.
15:26 of 1st period - Shot Misses the Net.
15:28 of 1st period - Shot by Frans Nielsen.
15:28 of 1st period - Goal by Frans Nielsen - RedWings : 1 - Panthers : 1.
15:29 of 1st period - Ryan Potulny wins face-off versus Travis Zajac in neutral zone.
15:49 of 1st period - Icing by Travis Zajac.
15:50 of 1st period - Travis Zajac wins face-off versus Frans Nielsen in RedWings zone.
16:23 of 1st period - Shot by Frans Nielsen.
16:23 of 1st period - Shot Misses the Net.
17:10 of 1st period - Ryan Getzlaf is hit by Martin Erat and loses puck.
17:51 of 1st period - Ray Whitney is hit by Stephane Robidas and loses puck.
17:52 of 1st period - Minor Penalty to Stephane Robidas for Cross-checking.
17:53 of 1st period - Travis Zajac wins face-off versus Frans Nielsen in Panthers zone.
18:10 of 1st period - Shot by Travis Zajac.
18:10 of 1st period - Stopped by Rick Dipietro without a rebound.
18:11 of 1st period - Ryan Getzlaf wins face-off versus Frans Nielsen in Panthers zone.
18:12 of 1st period - Shot by Zach Parise.
18:12 of 1st period - Shot Misses the Net.
18:14 of 1st period - Shot by Brian Campbell.
18:14 of 1st period - Stopped by Rick Dipietro without a rebound.
18:15 of 1st period - Ryan Getzlaf wins face-off versus Frans Nielsen in Panthers zone.
18:18 of 1st period - Shot by Zach Parise.
18:18 of 1st period - Shot Misses the Net.
18:42 of 1st period - Shot by Zach Parise.
18:42 of 1st period - Shot Misses the Net.
18:44 of 1st period - Shot by Brian Campbell.
18:44 of 1st period - Shot Blocked by Brad Stuart.
19:01 of 1st period - Off-side.
19:02 of 1st period - Ryan Potulny wins face-off versus Travis Zajac in neutral zone.
19:17 of 1st period - Shot by Jean-Pierre Dumont.
19:17 of 1st period - Stopped by Rick Dipietro without a rebound.
19:18 of 1st period - Frans Nielsen wins face-off versus Ryan Getzlaf in Panthers zone.
19:54 of 1st period - Shot by Ryan Getzlaf.
19:54 of 1st period - Stopped by Rick Dipietro with a rebound.
19:56 of 1st period - Shot by Marty Reasoner.
19:56 of 1st period - Stopped by Rick Dipietro without a rebound.
19:57 of 1st period - Anze Kopitar wins face-off versus Nate Thompson in Panthers zone.

Period #2

0:01 of 2nd period - Travis Zajac wins face-off versus Anze Kopitar in neutral zone.
0:20 of 2nd period - Shot by Ray Whitney.
0:20 of 2nd period - Stopped by Rick Dipietro without a rebound.
0:21 of 2nd period - Rich Peverley wins face-off versus Ryan Getzlaf in Panthers zone.
0:29 of 2nd period - Zach Parise is hit by Marc-Andre Bergeron and loses puck.
2:29 of 2nd period - Stephane Robidas is hit by Matt Moulson and loses puck.
2:36 of 2nd period - Shot by Matt Moulson.
2:36 of 2nd period - Stopped by Rick Dipietro without a rebound.
2:37 of 2nd period - Frans Nielsen wins face-off versus Ryan Getzlaf in Panthers zone.
2:37 of 2nd period - Frans Nielsen is hit by Ryan Getzlaf.
2:45 of 2nd period - Zach Parise is hit by Chad Larose.
3:14 of 2nd period - Icing by Jaroslav Spacek.
3:15 of 2nd period - Travis Zajac wins face-off versus Frans Nielsen in Panthers zone.
3:20 of 2nd period - Shot by Travis Zajac.
3:20 of 2nd period - Shot Misses the Net.
3:24 of 2nd period - Shot by Travis Zajac.
3:24 of 2nd period - Stopped by Rick Dipietro with a rebound.
3:28 of 2nd period - Shot by Travis Zajac.
3:28 of 2nd period - Stopped by Rick Dipietro with a rebound.
3:30 of 2nd period - Shot by Colin White.
3:30 of 2nd period - Shot Blocked by Jaroslav Spacek.
3:32 of 2nd period - Shot by Colin White.
3:32 of 2nd period - Stopped by Rick Dipietro without a rebound.
3:33 of 2nd period - Nate Thompson wins face-off versus Rich Peverley in Panthers zone.
3:47 of 2nd period - Brian Rafalski is hit by Brendan Witt and loses puck.
3:51 of 2nd period - Icing by Paul Martin.
3:52 of 2nd period - Rich Peverley wins face-off versus Nate Thompson in RedWings zone.
3:55 of 2nd period - Shot by Martin Erat.
3:55 of 2nd period - Stopped by Craig Anderson with a rebound.
4:08 of 2nd period - Kris Draper is hit by Brian Rafalski and loses puck.
4:11 of 2nd period - Shot by Pavol Demitra.
4:11 of 2nd period - Shot Misses the Net.
4:22 of 2nd period - Icing by Rich Peverley.
4:23 of 2nd period - Ryan Getzlaf wins face-off versus Rich Peverley in Panthers zone.
4:44 of 2nd period - Shot by Mike Cammalleri.
4:44 of 2nd period - Shot Misses the Net.
5:23 of 2nd period - Minor Penalty to Brian Rafalski for High sticking.
5:24 of 2nd period - Frans Nielsen wins face-off versus Travis Zajac in Panthers zone.
6:11 of 2nd period - Shot by Mike Cammalleri.
6:11 of 2nd period - Deflect By Zach Parise.
6:11 of 2nd period - Stopped by Rick Dipietro with a rebound.
6:13 of 2nd period - Shot by Zach Parise.
6:13 of 2nd period - Shot Misses the Net.
7:34 of 2nd period - Icing by Frans Nielsen.
7:35 of 2nd period - Marty Reasoner wins face-off versus Anze Kopitar in Panthers zone.
8:25 of 2nd period - Chad Larose is hit by Paul Martin.
8:30 of 2nd period - Keith Yandle is hit by Jaroslav Spacek and loses puck.
8:35 of 2nd period - Shot by Nate Thompson.
8:35 of 2nd period - Stopped by Rick Dipietro without a rebound.
8:36 of 2nd period - Martin Erat wins face-off versus Ryan Getzlaf in Panthers zone.
8:38 of 2nd period - Icing by Mikael Samuelsson.
8:39 of 2nd period - Martin Erat wins face-off versus Ryan Getzlaf in Panthers zone.
9:19 of 2nd period - Off-side.
9:20 of 2nd period - Nate Thompson wins face-off versus Frans Nielsen in neutral zone.
9:33 of 2nd period - Shot by Paul Martin.
9:33 of 2nd period - Stopped by Rick Dipietro without a rebound.
9:34 of 2nd period - Rich Peverley wins face-off versus Travis Zajac in Panthers zone.
9:45 of 2nd period - Travis Zajac is hit by Martin Erat and loses puck.
10:00 of 2nd period - Shot by Maxim Afinogenov.
10:00 of 2nd period - Shot Misses the Net.
12:46 of 2nd period - Shot by Martin Erat.
12:46 of 2nd period - Shot Misses the Net.
13:33 of 2nd period - Minor Penalty to Marc-Andre Bergeron for Holding.
13:34 of 2nd period - Frans Nielsen wins face-off versus Ryan Getzlaf in Panthers zone.
15:04 of 2nd period - Icing by Colin White.
15:05 of 2nd period - Ryan Potulny wins face-off versus Matt Moulson in RedWings zone.
16:24 of 2nd period - Icing by Rich Peverley.
16:25 of 2nd period - Travis Zajac wins face-off versus Rich Peverley in Panthers zone.
16:33 of 2nd period - Jean-Pierre Dumont is hit by Marc-Andre Bergeron and loses puck.
16:43 of 2nd period - Icing by Brian Rafalski.
16:44 of 2nd period - Rich Peverley wins face-off versus Marty Reasoner in Panthers zone.
17:13 of 2nd period - Shot by Niclas Bergfors.
17:13 of 2nd period - Shot Misses the Net.
17:57 of 2nd period - Jean-Pierre Dumont is hit by Alexei Ponikarovsky and loses puck.
18:31 of 2nd period - Icing by Brian Rafalski.
18:32 of 2nd period - Ryan Getzlaf wins face-off versus Rich Peverley in Panthers zone.
18:40 of 2nd period - Minor Penalty to Marc-Andre Bergeron for Interference.
18:41 of 2nd period - Ryan Getzlaf wins face-off versus Frans Nielsen in Panthers zone.
19:44 of 2nd period - Shot by Jean-Pierre Dumont.
19:44 of 2nd period - Stopped by Rick Dipietro without a rebound.
19:45 of 2nd period - Ryan Potulny wins face-off versus Ryan Getzlaf in Panthers zone.

Period #3

0:01 of 3rd period - Frans Nielsen wins face-off versus Ryan Getzlaf in neutral zone.
0:13 of 3rd period - Shot by Ryan Getzlaf.
0:13 of 3rd period - Stopped by Rick Dipietro without a rebound.
0:14 of 3rd period - Travis Zajac wins face-off versus Ryan Potulny in Panthers zone.
0:35 of 3rd period - Shot by Keith Yandle.
0:35 of 3rd period - Shot Misses the Net.
0:37 of 3rd period - Shot by Brett Clark.
0:37 of 3rd period - Stopped by Rick Dipietro without a rebound.
0:38 of 3rd period - Frans Nielsen wins face-off versus Ryan Getzlaf in Panthers zone.
0:57 of 3rd period - Shot by Anze Kopitar.
0:57 of 3rd period - Stopped by Craig Anderson without a rebound.
0:58 of 3rd period - Frans Nielsen wins face-off versus Ryan Getzlaf in RedWings zone.
1:01 of 3rd period - Shot by Chad Larose.
1:01 of 3rd period - Shot Misses the Net.
1:11 of 3rd period - Shot by Zach Parise.
1:11 of 3rd period - Shot Misses the Net.
1:32 of 3rd period - Frans Nielsen is hit by Ryan Getzlaf and loses puck.
2:36 of 3rd period - Ray Whitney is hit by Anze Kopitar and loses puck.
2:46 of 3rd period - Icing by Ray Whitney.
2:47 of 3rd period - Rich Peverley wins face-off versus Travis Zajac in RedWings zone.
3:16 of 3rd period - Martin Erat is hit by Brett Clark and loses puck.
3:20 of 3rd period - Minor Penalty to Colin White for High sticking.
3:21 of 3rd period - Nate Thompson wins face-off versus Rich Peverley in RedWings zone.
3:42 of 3rd period - Shot by Rich Peverley.
3:42 of 3rd period - Stopped by Craig Anderson without a rebound.
3:43 of 3rd period - Anze Kopitar wins face-off versus Nate Thompson in RedWings zone.
4:30 of 3rd period - Pavol Demitra is hit by Mikael Samuelsson and loses puck.
4:41 of 3rd period - Shot by Brian Rafalski.
4:41 of 3rd period - Stopped by Craig Anderson without a rebound.
4:42 of 3rd period - Kris Draper wins face-off versus Andrew Brunette in RedWings zone.
4:53 of 3rd period - Shot by Anze Kopitar.
4:53 of 3rd period - Stopped by Craig Anderson without a rebound.
4:54 of 3rd period - Rich Peverley wins face-off versus Marty Reasoner in RedWings zone.
5:24 of 3rd period - Minor Penalty to Alexei Ponikarovsky for Hooking.
5:25 of 3rd period - Ryan Getzlaf wins face-off versus Frans Nielsen in Panthers zone.
5:28 of 3rd period - Shot by Ryan Getzlaf.
5:28 of 3rd period - Stopped by Rick Dipietro without a rebound.
5:29 of 3rd period - Frans Nielsen wins face-off versus Ryan Getzlaf in Panthers zone.
5:58 of 3rd period - Off-side.
5:59 of 3rd period - Frans Nielsen wins face-off versus Travis Zajac in neutral zone.
6:02 of 3rd period - Keith Yandle is hit by Chad Larose and loses puck.
6:41 of 3rd period - Ryan Potulny is hit by Travis Zajac and loses puck.
7:35 of 3rd period - Shot by Marty Reasoner.
7:35 of 3rd period - Shot Misses the Net.
7:39 of 3rd period - Shot by Colin White.
7:39 of 3rd period - Stopped by Rick Dipietro without a rebound.
7:40 of 3rd period - Frans Nielsen wins face-off versus Nate Thompson in Panthers zone.
7:40 of 3rd period - Frans Nielsen is hit by Kris Draper.
8:06 of 3rd period - Shot by Chad Larose.
8:06 of 3rd period - Shot Blocked by Colin White.
8:43 of 3rd period - Chad Larose is hit by Ryan Getzlaf and loses puck.
8:58 of 3rd period - Marty Reasoner is hit by Alexei Ponikarovsky and loses puck.
9:21 of 3rd period - Shot by Matt Moulson.
9:21 of 3rd period - Stopped by Rick Dipietro without a rebound.
9:22 of 3rd period - Rich Peverley wins face-off versus Travis Zajac in Panthers zone.
9:30 of 3rd period - Icing by Brian Rafalski.
9:31 of 3rd period - Travis Zajac wins face-off versus Rich Peverley in Panthers zone.
10:35 of 3rd period - Shot by Anze Kopitar.
10:35 of 3rd period - Stopped by Craig Anderson without a rebound.
10:36 of 3rd period - Anze Kopitar wins face-off versus Marty Reasoner in RedWings zone.
10:53 of 3rd period - Icing by Stephane Robidas.
10:54 of 3rd period - Ryan Getzlaf wins face-off versus Anze Kopitar in Panthers zone.
13:01 of 3rd period - Shot by Travis Zajac.
13:01 of 3rd period - Shot Misses the Net.
13:24 of 3rd period - Mike Cammalleri is hit by Brad Stuart and loses puck.
14:05 of 3rd period - Icing by Brad Stuart.
14:06 of 3rd period - Nate Thompson wins face-off versus Anze Kopitar in Panthers zone.
15:38 of 3rd period - Shot by Rich Peverley.
15:38 of 3rd period - Shot Blocked by Brett Clark.
15:58 of 3rd period - Shot by Frans Nielsen.
15:58 of 3rd period - Stopped by Craig Anderson without a rebound.
15:59 of 3rd period - Ryan Getzlaf wins face-off versus Anze Kopitar in RedWings zone.
16:30 of 3rd period - Shot by Mike Cammalleri.
16:30 of 3rd period - Stopped by Rick Dipietro without a rebound.
16:31 of 3rd period - Rich Peverley wins face-off versus Ryan Getzlaf in Panthers zone.
17:13 of 3rd period - Frans Nielsen is hit by Ryan Getzlaf and loses puck.
18:17 of 3rd period - Shot by Matt Moulson.
18:17 of 3rd period - Stopped by Rick Dipietro without a rebound.
18:18 of 3rd period - Travis Zajac wins face-off versus Rich Peverley in Panthers zone.
18:26 of 3rd period - Shot by Jean-Pierre Dumont.
18:26 of 3rd period - Shot Blocked by Marc-Andre Bergeron.
18:30 of 3rd period - Shot by Jean-Pierre Dumont.
18:30 of 3rd period - Shot Misses the Net.
18:32 of 3rd period - Shot by Travis Zajac.
18:32 of 3rd period - Stopped by Rick Dipietro without a rebound.
18:33 of 3rd period - Travis Zajac wins face-off versus Mikael Samuelsson in Panthers zone.
18:56 of 3rd period - Shot by Andrew Brunette.
18:56 of 3rd period - Stopped by Craig Anderson with a rebound.
18:59 of 3rd period - Icing by Colin White.
19:00 of 3rd period - Anze Kopitar wins face-off versus Travis Zajac in RedWings zone.
19:22 of 3rd period - Andrew Brunette is hit by Matt Moulson and loses puck.
19:43 of 3rd period - Anze Kopitar is hit by Kris Draper and loses puck.

Overtime #1

0:01 of 1st overtime period - Anze Kopitar wins face-off versus Travis Zajac in neutral zone.
0:06 of 1st overtime period - Icing by Keith Yandle.
0:07 of 1st overtime period - Travis Zajac wins face-off versus Rich Peverley in RedWings zone.
0:19 of 1st overtime period - Icing by Brendan Witt.
0:20 of 1st overtime period - Anze Kopitar wins face-off versus Travis Zajac in RedWings zone.
0:24 of 1st overtime period - Anze Kopitar is hit by Brendan Witt and loses puck.
1:29 of 1st overtime period - Shot by Ray Whitney.
1:29 of 1st overtime period - Shot Misses the Net.
1:33 of 1st overtime period - Shot by Ray Whitney.
1:33 of 1st overtime period - Stopped by Rick Dipietro without a rebound.
1:34 of 1st overtime period - Rich Peverley wins face-off versus Ryan Getzlaf in Panthers zone.
1:34 of 1st overtime period - Rich Peverley is hit by Ryan Getzlaf.
1:52 of 1st overtime period - Shot by Ryan Getzlaf.
1:52 of 1st overtime period - Stopped by Rick Dipietro without a rebound.
1:53 of 1st overtime period - Travis Zajac wins face-off versus Anze Kopitar in Panthers zone.
1:54 of 1st overtime period - Shot by Jean-Pierre Dumont.
1:54 of 1st overtime period - Shot Misses the Net.
2:10 of 1st overtime period - Shot by Anze Kopitar.
2:10 of 1st overtime period - Stopped by Craig Anderson with a rebound.
2:12 of 1st overtime period - Shot by Marc-Andre Bergeron.
2:12 of 1st overtime period - Shot Misses the Net.
2:14 of 1st overtime period - Shot by Brian Rafalski.
2:14 of 1st overtime period - Stopped by Craig Anderson with a rebound.
2:18 of 1st overtime period - Shot by Anze Kopitar.
2:18 of 1st overtime period - Shot Misses the Net.
2:20 of 1st overtime period - Shot by Anze Kopitar.
2:20 of 1st overtime period - Shot Misses the Net.
2:22 of 1st overtime period - Shot by Anze Kopitar.
2:22 of 1st overtime period - Goal by Anze Kopitar - RedWings : 1 - Panthers : 2.


Output by the SimonT Hockey Simulator (STHS) for Stephane Roy -- Original Page W3C XHTML 1.0 Valid